 Dungeon Crawl Stone Soup version 0.31-a0-175-g9f7f995f2b (webtiles) character file.

Game seed: 16374666644676701440

98 pokeman the Magician (level 4, -3/25 HPs)
             Began as a Deep Elf Hedge Wizard on June 16, 2023.
             Was an Initiate of Vehumet.
             Slain by a hound (5 damage)
             ... on level 4 of the Dungeon.
             The game lasted 00:04:22 (3273 turns).

pokeman the Magician (Deep Elf Hedge Wizard)        Turns: 3273, Time: 00:04:22

Health: -3/25      AC:  5    Str:  7    XL:     4   Next: 44%
Magic:  2/13       EV: 12    Int: 21    God:    Vehumet [......]
Gold:   101        SH:  5    Dex: 14    Spells: 6/14 levels left

rFire   . . .        a - +0 dagger
rCold   . . .        (no shield)
rNeg    . . .        b - +0 robe
rPois   .            h - +0 helmet
rElec   .            q - +0 cloak
rCorr   .            (no gloves)
SInv    .            c - +0 pair of boots
Will    .....        e - amulet of reflection
Stlth   ++           (no ring)
HPRegen 0.24/turn    (no ring)
MPRegen 0.13/turn

%: reflection
@: on blink cooldown
A: no striking features
a: Renounce Religion


You were on level 4 of the Dungeon.
You worshipped Vehumet.
Vehumet was noncommittal.
You visited 2 branches of the dungeon, and saw 5 of its levels.

You collected 101 gold pieces.

Inventory:

Hand Weapons
 a - a +0 dagger (weapon)
Armour
 b - a +0 robe (worn)
 c - a +0 pair of boots (worn)
 h - a +0 helmet (worn)
 q - a +0 cloak (worn)
Magical Staves
 l - a staff of conjuration
Jewellery
 e - an amulet of reflection (around neck)
 f - an amulet of the acrobat
Scrolls
 g - a scroll of brand weapon {unknown}
 i - 3 scrolls of torment {unknown}
 j - a scroll of noise {unknown}
 k - a scroll of poison {unknown}
 o - a scroll of enchant armour {unknown}
 p - a scroll of identify {unknown}
 r - a scroll of blinking {unknown}
 v - a scroll of enchant weapon {unknown}
Potions
 d - 2 potions of magic
 m - a potion of enlightenment {unknown}
 n - 2 potions of heal wounds {unknown}
 s - a potion of mutation {unknown}
 t - a potion of curing {unknown}
 u - a potion of haste {unknown}


   Skills:
 - Level 1.0 Fighting
 - Level 1.0 Armour
 + Level 2.8 Dodging
 + Level 2.9 Stealth
 * Level 5.7 Spellcasting
 + Level 2.2 Conjurations
 - Level 1.1 Summonings
 - Level 1.1 Translocations


You had 6 spell levels left.
You knew the following spells:

 Your Spells              Type           Power      Damage    Failure   Level
a - Magic Dart            Conj           60%        1d6       4%          1
b - Mephitic Cloud        Conj/Pois/Air  9%         N/A       22%         3
c - Call Imp              Summ           20%        N/A       10%         2
d - Blink                 Tloc           20%        N/A       10%         2

Your spell library contained the following spells:

 Spells                   Type           Power      Damage    Failure   Level
 Slow                     Hex            20%        N/A       10%         1
 Cigotuvi's Dreadful Rot  Necr/Pois/Air  10%        N/A       16%         2
 Portal Projectile        Hex/Tloc       16%        N/A       24%         3
 Tukima's Dance           Hex            5%         N/A       30%         3
 Animate Dead             Necr           5%         N/A       69%         4
 Blade Hands              Tmut           2%         N/A       95%         5
 Haunt                    Necr/Summ      4%         N/A       100%        7
 Infestation              Necr           2%         N/A       100%        8


Dungeon Overview and Level Annotations

Branches:
Dungeon (4/15)             Temple (1/1) D:4

Altars:
Ashenzari
Hepliaklqana
Makhleb
Nemelex Xobeh
Okawaru
Sif Muna
Trog
Vehumet
Wu Jian
Xom
Yredelemnul
Zin
The Shining One


Message History

Press: ? - help, Shift-Dir - straight line, f/p - phantom
Aim: a phantom (almost destroyed, 100% to hit)
The magic dart hits the phantom.
The phantom is almost destroyed.
The phantom hits you but does no damage.
Casting: Magic Dart (safe; 4% risk of failure)
Confirm with . or Enter, or press ? or * to list all spells.
Aiming: Magic Dart (safe; 4% risk of failure)
Press: ? - help, Shift-Dir - straight line, f/p - phantom
Aim: a phantom (almost destroyed, 100% to hit)
The magic dart hits the phantom.
The phantom is almost destroyed.
The phantom hits you.
* * * LOW HITPOINT WARNING * * *
Casting: Magic Dart (safe; 4% risk of failure)
Confirm with . or Enter, or press ? or * to list all spells.
Aiming: Magic Dart (safe; 4% risk of failure)
Press: ? - help, Shift-Dir - straight line, f/p - phantom
Aim: a phantom (almost destroyed, 100% to hit)
The magic dart hits the phantom.
The phantom is almost destroyed.
The phantom hits you!
* * * LOW HITPOINT WARNING * * *
Casting: Magic Dart (safe; 4% risk of failure)
Confirm with . or Enter, or press ? or * to list all spells.
You blink.
Unknown command.
Casting: Blink (safe; 10% risk of failure)
Confirm with . or Enter, or press ? or * to list all spells.
You don't have enough magic to cast this spell.
There are monsters nearby!
Unknown command.
You aren't carrying any items that you can evoke.
A goblin and an adder come into view.
Found a ring mail and a war axe.
The goblin shouts!
You hear a bark!
A hound comes into view.
Found an iron altar of Okawaru.
The goblin hits you but does no damage. The hound bites you.
You die...

......... ########......#
###+# #......#......# .....
###......#......#......
##........'......+.....
###....######.W.S...S####)
##...#.......###+##........
.............#..[..S#...♣..
....#.#.[....+..@g.....♣.♣
..###.#......#...h....♣.♣.
###...##....<#.......♣.♣.♣
.......#.....#......♣.♣._.♣
##..>..##....#.......♣.♣.♣.
.#........#..#........♣.♣.
.##...###....#.........♣.
..#.###...####......#...
..#.#...#


You could see a hound, 2 adders and a goblin.

Vanquished Creatures
  4 adders
  A worm (D:3)
  A dart slug (D:3)
  An orc (D:3)
  5 ball pythons
  10 endoplasms
  3 giant cockroaches
  5 goblins
  5 hobgoblins
  3 jackals (D:2)
  A quokka (D:3)
  2 bats
  2 frilled lizards
  5 rats
48 creatures vanquished.

Vanquished Creatures (collateral kills)
  A worm (D:2)
1 creature vanquished.

Grand Total: 49 creatures vanquished

Notes
Turn   | Place    | Note
-------+----------+-------------------------------------------
     0 | D:1      | pokeman the Deep Elf Hedge Wizard began the quest for the
                  | Orb.
     0 | D:1      | Reached XP level 1. HP: 10/10 MP: 7/7
   176 | D:1      | Reached XP level 2. HP: 16/16 MP: 1/9
   712 | D:2      | Found a basalt altar of Yredelemnul.
   875 | D:2      | Reached skill level 5 in Spellcasting
   879 | D:2      | Reached XP level 3. HP: 20/20 MP: 4/11
   883 | D:2      | Learned a level 3 spell: Mephitic Cloud
   886 | D:2      | Learned a level 2 spell: Call Imp
   889 | D:2      | Learned a level 2 spell: Blink
  1108 | D:2      | Reached skill level 1 in Armour
  1166 | D:2      | Reached skill level 1 in Fighting
  2059 | D:3      | Reached XP level 4. HP: 25/25 MP: 10/13
  2604 | D:3      | Found a broken altar of Ashenzari.
  2662 | D:3      | Found an ornate altar of the Wu Jian Council.
  3085 | D:3      | Found a bloodstained altar of Trog.
  3187 | D:4      | Found a staircase to the Ecumenical Temple.
  3199 | Temple   | Entered the Ecumenical Temple
  3227 | Temple   | Became a worshipper of Vehumet
  3249 | D:4      | Identified the +1 leather armour of Dazouriq {Dex+2}
  3258 | D:4      | Noticed a phantom
  3268 | D:4      | HP: 1/25 [phantom (7)]
  3271 | D:4      | Found an iron altar of Okawaru.
  3273 | D:4      | Slain by a hound

Illustrated notes

Levels and vault maps discovered:
D:1:      wander_arrival_peaceful_grave, layout_rooms
D:2:      layout_basic, basic_altar, grunt_ministairs_4,
          kennysheep_generic_room_5
D:3:      layout_loops_ring, nicolae_ashenzari_panopticon,
          pdpol_wu_jian_five_deadly_venoms, mainiacjoe_overflow_six_doors_small
D:4:      layout_gridville, okawaru_trees_2, minmay_temple_entry_slanted
Temple:   nicolae_temple_bog_church

Skill      XL: |  1  2  3 |
---------------+----------+-----
Spellcasting   | 5 |  5.7
Armour         | 1 |  1.0
Fighting       | 1 |  1.0
Conjurations   | 2 |  2.2
Dodging        | |  2.8
Stealth        | |  2.9
Summonings     | |  1.1
Translocations | |  1.1

Action                     |  1- 3 |  4- 6 || total
---------------------------+-------+-------++-------
  Melee: Dagger            |     7 |     8 ||    15
   Cast: Magic Dart        |    86 |    48 ||   134
         Call Imp          |     1 |       ||     1
         Mephitic Cloud    |       |     1 ||     1
         Blink             |       |     1 ||     1
   Stab: Confused          |       |     1 ||     1
 Armour: Robe              |     6 |     3 ||     9
  Dodge: Dodged            |     9 |     4 ||    13
  Block: Other             |     3 |     1 ||     4

Table legend: (Time is in decaauts)
 A = Elapsed time spent in this place.
 B = Non-inter-level travel time spent in this place.
 C = Inter-level travel time spent in this place.
 D = Time resting spent in this place.
 E = Time spent auto-exploring this place.
 F = Levels seen in this place.
 G = Mean time per level.
                   A        B        C        D        E       F      G
               +--------+--------+--------+--------+--------+-----+--------+
         Total |   3274 |   3182 |     92 |     19 |   2795 |   5 |  654.8 |
       Dungeon |   3230 |   3150 |     80 |     19 |   2776 |   4 |  807.5 |
        Temple |     43 |     31 |     12 |      0 |     19 |   1 |   43.0 |
               +--------+--------+--------+--------+--------+-----+--------+

Top non-repeatable levels by time:
     D:2: 1343 daAuts
     D:3: 1117 daAuts
     D:1: 712 daAuts
     D:4: 57 daAuts
  Temple: 43 daAuts
